 Dungeon Crawl Stone Soup version 0.29-a0-362-g5854e031c7 (webtiles) character file.

Game seed: 779777427705831145

2062 Shayle the Sneak (level 9, -7/53 (55) HPs)
             Began as a Tengu Brigand on Apr 29, 2022.
             Was an Initiate of Ashenzari.
             Mangled by a wyvern (16 damage)
             ... on level 7 of the Dungeon.
             The game lasted 00:19:36 (8113 turns).

Shayle the Sneak (Tengu Brigand)                    Turns: 8113, Time: 00:19:37

HP:   -7/53 (55)    AC:  6    Str: 11    XL:     9   Next: 25%
MP:   17/17         EV: 15    Int: 17    God:    Ashenzari [......]
Gold: 168           SH:  0    Dex: 15    Spells: 16/17 levels left

rFire   . . .      SeeInvis .   a - +2 dagger
rCold   + . .      Faith    .   (no shield)
rNeg    . . .      Spirit   .   t - +0 ring mail
rPois   .          Reflect  .   (helmet restricted)
rElec   .          Harm     .   c - +0 cloak
rCorr   .          Rampage  .   (no gloves)
Will    .....                   (boots unavailable)
Stlth   +++.......              (no amulet)
HPRegen 0.17/turn               z - ring of protection from cold
MPRegen 0.15/turn               (no ring)

@: flying quickly and evasively, lightly drained, quick
A: beak, talons 3, nimble flight
a: Renounce Religion


You were on level 7 of the Dungeon.
You worshipped Ashenzari.
Ashenzari was noncommittal.
You visited 2 branches of the dungeon, and saw 8 of its levels.

You collected 366 gold pieces.
You spent 198 gold pieces at shops.

Inventory:

Hand Weapons
 a - a +2 dagger (weapon)
Missiles
 d - 24 poisoned darts
 e - 2 curare-tipped darts (quivered)
 p - 4 javelins
 y - 3 datura-tipped darts
Armour
 b - a +0 robe
 c - a +0 cloak (worn)
 t - a +0 ring mail (worn)
Jewellery
 f - a ring of positive energy
 z - a ring of protection from cold (left hand)
Wands
 A - a wand of digging (5)
 D - a wand of iceblast (4)
 E - a wand of charming (4)
Scrolls
 g - a scroll of summoning
 h - 3 scrolls of teleportation
 j - a scroll of enchant armour {unknown}
 l - a scroll of blinking {unknown}
 n - 2 scrolls of immolation {unknown}
 q - 2 scrolls of fog {unknown}
 u - 3 scrolls of enchant weapon {unknown}
 x - 2 scrolls of magic mapping {unknown}
 B - 3 scrolls of identify
 F - a scroll of holy word {unknown}
Potions
 i - a potion of cancellation
 k - a potion of flight
 m - a potion of ambrosia
 o - 3 potions of curing {unknown}
 r - a potion of brilliance
 s - 2 potions of mutation
 v - 3 potions of attraction
 w - a potion of might
 C - 2 potions of lignification {unknown}


   Skills:
 + Level 5.7 Fighting
 - Level 2.1 Short Blades
 - Level 2.0 Throwing
 + Level 5.9 Dodging
 + Level 7.2 Stealth
 + Level 4.7 Spellcasting
 + Level 4.0 Conjurations
 + Level 3.3 Fire Magic


You had 16 spell levels left.
You knew the following spells:

 Your Spells              Type           Power      Damage    Failure   Level
a - Foxfire               Conj/Fire      64%        2x1d7     8%          1

Your spell library contained the following spells:

 Spells                   Type           Power      Damage    Failure   Level
 Conjure Flame            Conj/Fire      16%        6-21      24%         3
 Inner Flame              Hex/Fire       9%         N/A       47%         3
 Flame Wave               Conj/Fire      16%        2d6       61%         4


Dungeon Overview and Level Annotations

Branches:
Dungeon (7/15)             Temple (1/1) D:7

Altars:
Ashenzari
Cheibriados
Elyvilon
Fedhas
Gozag
Hepliaklqana
Kikubaaqudgha
Okawaru
Ru
Sif Muna
Trog
Uskayaw
Vehumet
Wu Jian
Yredelemnul
Zin
The Shining One

Shops:
D:4 [

Annotations:
D:3 exclusion: door


Innate Abilities, Weirdness & Mutations

You have a beak for a mouth.
You have claws for feet.
Your magical nature lets you fly swiftly and evasively.


Message History

Things that are here:
a +0 robe; a +4 falchion
Things that are here:
a +0 robe; a +0 trident
Things that are here:
a +0 robe; a +4 halberd The gnoll shouts!
You hear a shout! x2; The wyvern hisses angrily.
A gnoll comes into view. It is wielding a +0 halberd.
The wyvern bites you!
You hit the wyvern but do no damage. You peck the wyvern, but do no damage.
The wyvern bites you but does no damage.
A gnoll shaman comes into view. It is wielding a +0 club.
You closely miss the wyvern. Your kick misses the wyvern.
The wyvern misses you.
You hit the wyvern. You peck the wyvern.
The wyvern is lightly wounded.
The wyvern barely misses you. x2
You hit the wyvern. Your kick misses the wyvern. You peck the wyvern.
The wyvern is heavily wounded.
The wyvern barely misses you. The gnoll misses you.
You hit the wyvern but do no damage. You claw the wyvern.
The wyvern is heavily wounded.
The wyvern bites you but does no damage.
The gnoll hits you with a +0 club!
You barely miss the wyvern. Your kick misses the wyvern. You peck the wyvern.
Your punch misses the wyvern.
The wyvern is heavily wounded.
The wyvern hisses menacingly.
The wyvern bites you. The wyvern bites you!
You barely miss the wyvern. You claw the wyvern.
The wyvern is severely wounded.
The gnoll hits you with a +0 club. The wyvern bites you!
* * * LOW HITPOINT WARNING * * *
A bullfrog comes into view.
The bullfrog croaks.
You hit the wyvern. Your kick misses the wyvern.
The wyvern is severely wounded.
You hear a shout! x2
The wyvern bites you!
You die...

##....#..............##...
###.##.............#.#...
##.........[.............
#.......[#.#..........
#..##...####..........
#..###.###.##.........
#..##[.#............
#..................
....#..#...@l......... .
.....#..g...........
..........##....... ......
#......gg.# ......#
.....z. #..........
....### ...#....
###..#.......#..# .....z..
####...#..##F... #.z..z.
##.# .. .... # #)...^
#.#.z...


You could see a wyvern, a bullfrog, a gnoll shaman and 2 gnolls.

Vanquished Creatures
  Grinder (D:3)
  A steam dragon (D:4)
  A water moccasin (D:3)
  A black bear (D:6)
  A centaur (D:3)
  A bullfrog (D:7)
  A necrophage (D:4)
  3 scorpions
  5 wights
  8 hounds
  A jelly (D:5)
  An orc priest (D:5)
  4 iguanas
  2 orc wizards (D:6)
  Natasha (D:3)
  4 gnolls (D:4)
  11 adders
  A white imp (D:6)
  An ufetubus (D:5)
  A worm (D:3)
  2 dart slugs
  23 orcs
  9 endoplasms
  11 giant cockroaches
  12 goblins
  13 hobgoblins
  A jackal (D:3)
  17 kobolds
  5 quokkas
  5 ball pythons
  8 bats
  2 frilled lizards
  3 rats
161 creatures vanquished.

Vanquished Creatures (collateral kills)
  2 wights (D:7)
2 creatures vanquished.

Vanquished Creatures (others)
  An endoplasm (D:4)
1 creature vanquished.

Grand Total: 164 creatures vanquished

Notes
Turn   | Place    | Note
-------+----------+-------------------------------------------
     0 | D:1      | Shayle the Tengu Brigand began the quest for the Orb.
     0 | D:1      | Reached XP level 1. HP: 12/12 MP: 2/2
   175 | D:1      | Reached XP level 2. HP: 17/17 MP: 3/3
   571 | D:1      | Reached skill level 1 in Spellcasting
   571 | D:1      | Reached XP level 3. HP: 22/22 MP: 5/5
   727 | D:1      | Found a faded altar of an unknown god.
  1608 | D:3      | Noticed Natasha
  1609 | D:3      | Killed Natasha
  1610 | D:3      | Reached XP level 4. HP: 27/27 MP: 7/7
  1811 | D:3      | Found a shimmering blue altar of Sif Muna.
  2005 | D:3      | Noticed a centaur
  2028 | D:3      | Killed a centaur
  2029 | D:3      | Gained mutation: Your magical nature lets you fly swiftly
                  | and evasively. [Tengu growth]
  2029 | D:3      | Reached XP level 5. HP: 4/32 MP: 7/9
  2038 | D:3      | Reached skill level 5 in Stealth
  2328 | D:3      | Noticed a water moccasin
  2332 | D:3      | Killed a water moccasin
  2333 | D:3      | Reached XP level 6. HP: 37/37 MP: 10/10
  2660 | D:3      | Noticed Grinder
  3051 | D:4      | Reached XP level 7. HP: 17/42 MP: 12/12
  3768 | D:4      | Found Miaprick's Antique Armour Emporium.
  3779 | D:4      | Bought a diamond-encrusted ring mail for 198 gold pieces
  3779 | D:4      | Identified the +0 ring mail "Yhuw" {Harm rF- rC+ Slay+5}
                  | (You bought it in a shop on level 4 of the Dungeon)
  4074 | D:3      | Killed Grinder
  4075 | D:3      | Reached skill level 6 in Stealth
  4271 | D:4      | Found a hide-covered altar of Uskayaw.
  4271 | D:4      | Noticed a steam dragon
  4408 | D:4      | Killed a steam dragon
  4409 | D:4      | Reached XP level 8. HP: 34/48 MP: 14/14
  4412 | D:4      | Learned a level 1 spell: Foxfire
  4611 | D:4      | Reached skill level 1 in Conjurations
  4905 | D:5      | Entered Level 5 of the Dungeon
  5029 | D:5      | Reached skill level 5 in Dodging
  5238 | D:5      | Reached skill level 1 in Fire Magic
  5283 | D:5      | Reached skill level 5 in Fighting
  5793 | D:5      | Found a hide-covered altar of Uskayaw.
  6998 | D:7      | Reached skill level 7 in Stealth
  6998 | D:7      | Reached XP level 9. HP: 30/54 MP: 16/16
  7175 | D:7      | Found a staircase to the Ecumenical Temple.
  7184 | Temple   | Entered the Ecumenical Temple
  7366 | Temple   | Became a worshipper of Ashenzari the Shackled
  8113 | D:7      | Mangled by a wyvern

Illustrated notes

Levels and vault maps discovered:
D:1:      lightli_arrival_flooded_house, layout_basic,
          chequers_ecumenical_altar_twisty
D:2:      layout_loops_ring
D:3:      minmay_roachtagon, layout_loops_ring, led_sif_book, kennysheep_donut,
          minmay_between, uniq_natasha, uniq_grinder
D:4:      corexii_shantytown, layout_loops_corners, serial_shops, shop,
          minmay_ruined_shrine
D:5:      layout_loops_ring, nicolae_overflow_hidden_temple,
          kennysheep_generic_room_14
D:6:      layout_basic
D:7:      layout_cave_pools, chequers_temple_overflow_statue_of_worship,
          temple_pool_b
Temple:   bh_familiar_temple

Skill      XL: |  1  2  3  4  5  6  7  8  9 |
---------------+----------------------------+-----
Spellcasting   | 1 2 3 4 |  4.7
Dodging        | 2 3 4 5 |  5.9
Fighting       | 3 4 5 |  5.7
Stealth        | 5 6 7 |  7.2
Conjurations   | 3 4 |  4.0
Fire Magic     | 2 3 |  3.3
Short Blades   | |  2.1
Throwing       | |  2.0

Action                   |  1- 3 |  4- 6 |  7- 9 || total
-------------------------+-------+-------+-------++-------
Melee: Dagger            |    68 |   101 |   334 ||   503
       Peck              |     6 |    16 |    59 ||    81
       Kick              |    14 |    31 |    96 ||   141
       Punch             |       |     2 |     5 ||     7
Throw: Dart              |       |       |    26 ||    26
Evoke: Wand              |       |       |     1 ||     1
  Use: Potion            |       |     1 |     1 ||     2
       Scroll            |       |     5 |     3 ||     8
 Stab: Sleeping          |    13 |     9 |    19 ||    41
Armor: Robe              |    17 |    15 |     4 ||    36
       Ring mail         |       |       |    77 ||    77
Dodge: Dodged            |    32 |    64 |   205 ||   301

Table legend: (Time is in decaauts)
 A = Elapsed time spent in this place.
 B = Non-inter-level travel time spent in this place.
 C = Inter-level travel time spent in this place.
 D = Time resting spent in this place.
 E = Time spent auto-exploring this place.
 F = Levels seen in this place.
 G = Mean time per level.
                   A        B        C        D        E       F      G
               +--------+--------+--------+--------+--------+-----+--------+
         Total |   7765 |   7537 |    228 |   1330 |   4443 |   8 |  970.6 |
       Dungeon |   7586 |   7385 |    201 |   1330 |   4295 |   7 | 1083.7 |
        Temple |    179 |    152 |     27 |      0 |    147 |   1 |  179.0 |
               +--------+--------+--------+--------+--------+-----+--------+

Top non-repeatable levels by time:
     D:4: 1823 daAuts
     D:3: 1351 daAuts
     D:5: 1257 daAuts
     D:6: 1150 daAuts
     D:2: 810 daAuts
     D:1: 746 daAuts
     D:7: 445 daAuts
  Temple: 179 daAuts
